 Dungeon Crawl Stone Soup version 0.28.0-45-g0d030f2227 (webtiles) character file.

Game seed: 14167114434124314836

534 Kaptain the Digger (level 7, -4/41 HPs)
             Began as a Gargoyle Earth Elementalist on Apr 6, 2022.
             Slain by Duvessa
             ... wielding a +0 short sword
              (17 damage)
             ... on level 4 of the Dungeon.
             The game lasted 00:09:16 (5125 turns).

Kaptain the Digger (Gargoyle Earth Elementalist)    Turns: 5125, Time: 00:09:17

Health: -4/41      AC:  8    Str: 11    XL:     7   Next: 25%
Magic:  1/12       EV: 12    Int: 18    God:
Gold:   221        SH:  0    Dex: 10    Spells: 8/12 levels left

rFire   . . .      SeeInvis .   e - +3 mace of Ceas Somn {vorpal, rPois}
rCold   . . .      Faith    .   (no shield)
rNeg    + + .      Spirit   .   j - +0 robe {rN+}
rPois   ∞          Reflect  .   o - +0 helmet
rElec   +          Harm     .   (no cloak)
rCorr   .          Rampage  .   (no gloves)
Will    .....                   (no boots)
Stlth   ++........              (no amulet)
HPRegen 0.13/turn               (no ring)
MPRegen 0.13/turn               (no ring)

@: mighty, very slightly contaminated
A: sickness immunity, AC +4, negative energy resistance 1, electricity
resistance, torment resistance 1, petrification resistance
a: no special abilities


You were on level 4 of the Dungeon.
You visited 1 branch of the dungeon, and saw 4 of its levels.

You collected 221 gold pieces.

Inventory:

Hand Weapons
 d - a +0 hunting sling
 e - the +3 mace of Ceas Somn (weapon) {vorpal, rPois}
   (You took it off an orc on level 3 of the Dungeon)

   It inflicts extra damage upon your enemies.
   rPois:     It protects you from poison.
 t - a +0 trident
Missiles
 b - 21 sling bullets
 f - 2 throwing nets
 l - 38 stones
Armour
 j - a +0 robe of positive energy (worn)
 o - a +0 helmet (worn)
Wands
 g - a wand of polymorph (13)
 n - a wand of flame (15)
Scrolls
 a - a scroll of fog
Potions
 c - 2 potions of brilliance
 q - a potion of lignification {unknown}
 r - 2 potions of curing {unknown}


   Skills:
 * Level 3.3 Fighting
 + Level 2.2 Armour
 + Level 2.4 Dodging
 - Level 2.1 Stealth
 * Level 3.4 Spellcasting
 * Level 3.5 Conjurations
 - Level 0.7 Transmutations
 * Level 5.3 Earth Magic


You had 8 spell levels left.
You knew the following spells:

 Your Spells              Type           Power      Damage    Failure   Level
a - Sandblast             Erth           44%        2d11      1%          1
b - Stone Arrow           Conj/Erth      38%        3d9       8%          3

Your spell library contained the following spells:

 Spells                   Type           Power      Damage    Failure   Level
 Passwall                 Tmut/Erth      11%        N/A       7%          2
 Sting                    Tmut/Pois      16%        1d3       14%         1
 Poisonous Vapours        Pois/Air       6%         N/A       24%         2
 Petrify                  Tmut/Erth      14%        N/A       41%         4
 Olgreb's Toxic Radiance  Pois           3%         N/A       83%         4


Dungeon Overview and Level Annotations

Branches:
Dungeon (4/15)
 Temple: D:4-7

Altars:

Annotations:
D:4 Duvessa


Innate Abilities, Weirdness & Mutations

You are immune to sickness and miasma.
Your stone body is resilient. (AC +4)
You are immune to poison.
You resist negative energy. (rN+)
You are resistant to electric shocks. (rElec)
You are resistant to unholy torment.
You are immune to petrification.


Message History

Nothing appears to happen.
Casting: Stone Arrow (dangerous; 8% risk of failure)
Confirm with . or Enter, or press ? or * to list all spells.
Aiming: Stone Arrow (dangerous; 8% risk of failure)
Press: ? - help, Shift-Dir - straight line, f/p - Duvessa
Aim: Duvessa, wielding a +0 short sword and wearing a +0 ring mail (lightly wounded, berserk, 77% to hit)
The stone arrow hits Duvessa!
Duvessa is lightly wounded.
Duvessa hits you with a +0 short sword!
Casting: Stone Arrow (dangerous; 8% risk of failure)
Confirm with . or Enter, or press ? or * to list all spells.
Aiming: Stone Arrow (dangerous; 8% risk of failure)
Press: ? - help, Shift-Dir - straight line, f/p - Duvessa
Aim: Duvessa, wielding a +0 short sword and wearing a +0 ring mail (lightly wounded, berserk, 77% to hit)
You miscast Stone Arrow.
Nothing appears to happen.
Duvessa hits you with a +0 short sword!
Unknown command.
Casting: Stone Arrow (dangerous; 8% risk of failure)
Confirm with . or Enter, or press ? or * to list all spells.
Aiming: Stone Arrow (dangerous; 8% risk of failure)
Press: ? - help, Shift-Dir - straight line, f/p - Duvessa
Aim: Duvessa, wielding a +0 short sword and wearing a +0 ring mail (lightly wounded, berserk, 77% to hit)
The stone arrow hits Duvessa!
Duvessa is heavily wounded.
Duvessa hits you but does no damage. Duvessa hits you with a +0 short sword.
As you read the scroll labelled CEC TOBOEGH, it crumbles to dust.
Your body is wracked with pain!
Duvessa convulses!
It was a scroll of torment.
Duvessa closely misses you.
Aiming: Polymorph
Press: ? - help, Shift-Dir - straight line, f/p - Duvessa
Aim: Duvessa, wielding a +0 short sword and wearing a +0 ring mail (severely wounded, berserk, will become an iguana, a frilled lizard, or a wyvern, chance to affect: 31%)
Okay, then.
It was a potion of might.
You feel very mighty all of a sudden. Duvessa closely misses you.
Duvessa barely misses you.
e - the +3 mace of Ceas Somn (weapon)
{vorpal, rPois} You barely miss Duvessa.
Duvessa is severely wounded.
Duvessa hits you with a +0 short sword!
You die...

#................................
###########################......
#### # #...... ...# ... #......
##.####..... #...... ............
####### ......###..... #######
..............#############......
#.....###(.....e@.......#.#......
#.....# ##...............#......
....... ##.#..........#.#......
........ ###.#........).#.#......
.......#.#..............#.####...
##...........#........
#...........######...
#...........#....#...
#...........#.##.#...


You could see Duvessa (berserk).

Vanquished Creatures
  2 ogres (D:4)
  Dowan (D:4)
  2 hounds (D:4)
  Jessica (D:2)
  An orc wizard (D:3)
  Robin (D:2)
  7 adders
  A gnoll (D:1)
  A worm (D:2)
  4 dart slugs
  11 orcs
  7 endoplasms
  6 giant cockroaches
  12 goblins
  8 hobgoblins
  4 jackals (D:1)
  A quokka (D:2)
  9 ball pythons
  8 bats
  3 frilled lizards
  5 kobolds
  A quokka skeleton (D:4)
  5 rats
101 creatures vanquished.

Notes
Turn   | Place    | Note
-------+----------+-------------------------------------------
     0 | D:1      | Kaptain the Gargoyle Earth Elementalist began the quest for
                  | the Orb.
     0 | D:1      | Reached XP level 1. HP: 10/10 MP: 3/3
   208 | D:1      | Reached XP level 2. HP: 16/16 MP: 3/5
   331 | D:1      | Reached skill level 1 in Conjurations
   423 | D:1      | Reached skill level 1 in Fighting
   483 | D:1      | Reached XP level 3. HP: 20/20 MP: 3/6
   498 | D:1      | Learned a level 3 spell: Stone Arrow
   817 | D:1      | Reached skill level 4 in Earth Magic
  1291 | D:2      | Found a faded altar of an unknown god.
  1441 | D:2      | Reached XP level 4. HP: 24/25 MP: 0/7
  1551 | D:2      | Noticed Jessica
  1558 | D:2      | Killed Jessica
  1729 | D:2      | Reached skill level 1 in Armour
  1959 | D:2      | Reached XP level 5. HP: 25/30 MP: 8/8
  2017 | D:2      | Noticed Robin
  2609 | D:2      | Killed Robin
  2996 | D:3      | Identified the +3 mace of Ceas Somn {vorpal, rPois}
  3891 | D:4      | Reached XP level 6. HP: 36/36 MP: 8/10
  4246 | D:4      | Noticed Duvessa
  4246 | D:4      | Noticed Dowan
  4537 | D:4      | Reached skill level 5 in Earth Magic
  4876 | D:4      | Reached XP level 7. HP: 41/41 MP: 4/12
  5045 | D:4      | Killed Dowan
  5125 | D:4      | Slain by Duvessa

Illustrated notes

Levels and vault maps discovered:
D:1:      amcnicky_arrival_single_pillar, layout_basic,
          chequers_serial_rivers_room_b, minmay_cupped
D:2:      layout_rooms, basic_ecumenical_altar, minmay_divided_ellipse,
          uniq_jessica, uniq_robin
D:3:      layout_loops_cross
D:4:      layout_basic, ebering_dispersal_statue_hall, uniq_duvessa

Skill      XL: |  1  2  3  4  5  6 |
---------------+-------------------+-----
Conjurations   | 1 2 3 |  3.5
Fighting       | 1 2 3 |  3.3
Earth Magic    | 4 5 |  5.3
Armour         | 1 2 |  2.2
Dodging        | 2 |  2.4
Spellcasting   | 3 |  3.4
Stealth        | |  2.1
Transmutations | |  0.7

Action                   |  1- 3 |  4- 6 |  7- 9 || total
-------------------------+-------+-------+-------++-------
Melee: Short sword       |    30 |    12 |       ||    42
       Punch             |       |     1 |       ||     1
       Mace              |       |     5 |     1 ||     6
 Fire: Hunting sling     |       |   104 |     2 ||   106
 Cast: Sandblast         |    45 |    31 |       ||    76
       Stone Arrow       |       |    22 |     4 ||    26
  Use: Scroll            |       |     5 |     1 ||     6
       Potion            |       |     3 |     1 ||     4
 Stab: Sleeping          |     2 |       |       ||     2
Armor: Robe              |    22 |    24 |     1 ||    47
Dodge: Dodged            |    36 |    59 |     3 ||    98
